 Dungeon Crawl Stone Soup version 0.16-a0-4060-g00983b4 (webtiles) character file.

41 Bloax the Changer (level 3, 0/15 HPs)
             Began as a Felid Transmuter on Feb 21, 2015.
             Slain by an adder (1 damage)
             ... on level 3 of the Dungeon.
             The game lasted 00:04:08 (737 turns).

Bloax the Changer (Felid Transmuter)                 Turns: 737, Time: 00:04:09

Health: 0/15       AC:  1    Str:  6    XL:     3   Next: 32%
Magic:  2/8        EV: 20    Int: 14    God:
Gold:   68         SH:  0    Dex: 17    Spells: 3 memorised, 1 level left
                                        Lives:  0   Deaths: 0

rFire  . . .     SeeInvis +       - Unarmed
rCold  . . .     Clarity  .     (armour unavailable)
rNeg   . . .     SustAb   .     (shield unavailable)
rPois  .         Gourm    .     (helmet unavailable)
rElec  .         Spirit   .     (cloak unavailable)
rCorr  .         Warding  .     (gloves unavailable)
rMut   .         Stasis   .     (boots unavailable)
MR     .....                    (no amulet)
Stlth  ++........               c - +2 ring of evasion
                                g - ring of loudness (curse)

@: appendage, very slightly contaminated, quick, not resistant to hostile
enchantments, unstealthy
A: paw claws, no armour, no weapons or thrown items, fangs 3, horns 2, see
invisible, carnivore 3, speed 1, mutation resistance 1, shaggy fur 1, slow
metabolism 1, wild magic 1, sharp paws
a: End Transformation


You were on level 3 of the Dungeon.
You were full.
You had grown temporary horns.
You visited 1 branch of the dungeon, and saw 3 of its levels.

You collected 68 gold pieces.


Innate Abilities, Weirdness & Mutations

You cannot wear armour.
You are incapable of wielding weapons or throwing items.
You have razor-sharp teeth.
You have supernaturally acute eyesight.
You are carnivorous and can eat meat at any time.
You cover ground quickly.
You are covered in fur (AC +1).
You have a slow metabolism.
Your paws have sharp claws that are effective at stabbing.
You have a pair of horns on your head.
You are somewhat resistant to further mutation.
Your spells are a little harder to cast, but a little more powerful.


   Skills:
 - Level 1.0 Fighting
 + Level 2.8 Dodging
 - Level 2.0 Stealth
 - Level 3.0 Unarmed Combat
 - Level 2.5 Spellcasting
 + Level 3.1 Transmutations
 + Level 0.1 Poison Magic


You had one spell level left.
You knew the following spells:

 Your Spells              Type           Power        Failure   Level  Hunger
a - Beastly Appendage     Trmt           ###...       19%         1    #......
b - Sticks to Snakes      Trmt           ###.......   22%         2    ###....
c - Spider Form           Trmt/Pois      #.........   54%         3    ###....


Dungeon Overview and Level Annotations

Branches:
Dungeon (3/15)

Altars:
Gozag

Inventory:

Missiles
 b - 8 arrows
Jewellery
 c - a +2 ring of evasion (right paw)
   (You found it on level 1 of the Dungeon)
 g - a cursed ring of loudness (left paw)
   (You found it on level 2 of the Dungeon)
Magical devices
 h - a wand of enslavement (9)
   (You found it on level 3 of the Dungeon)
Potions
 e - a potion of invisibility
 f - 2 potions of agility
 i - a potion of haste {unknown}
Books
 d - a book of Changes

   Spells                             Type                      Level
   a - Beastly Appendage              Transmutation                1
   b - Sticks to Snakes               Transmutation                2
   c - Spider Form                    Transmutation/Poison         3
   d - Ice Form                       Ice/Transmutation            4
   e - Blade Hands                    Transmutation                5
Comestibles
 a - a meat ration

#.# #.# #.#
###.### # #.....#
#
#.##.....###.###
#................
#.............
#..@S.#######.
###S#..$.....
#.#.###### #)#.#
######.#.##
#.[..(....####
#.####........
#............#
#..###.#..##.#


You could see an adder (bleeding) and a friendly adder.


Message History

You kill the rat!
You see here a rat corpse.
Casting: Beastly Appendage
Okay, then.
Casting: Beastly Appendage You grow a pair of large bovine horns.
The hobgoblin shouts!
You swing at nothing.
You scratch the hobgoblin.
The hobgoblin is lightly wounded.
The hobgoblin misses you.
You claw the hobgoblin!
You kill the hobgoblin!
Things that are here:
a club; a hobgoblin corpse
Found a robe.
You see here a robe.
You see here 18 stones.
You see here a mace.
An adder and a hobgoblin come into view.
The hobgoblin shouts!
Found 12 gold pieces.
An adder comes into view.
Your transformation is almost over.
You swing at nothing.
You scratch the hobgoblin. You headbutt the hobgoblin.
You kill the hobgoblin!
You swing at nothing.
You see here a club.
Wield which item (- for none, * to show all)? (? for menu, Esc to quit)
b - 10 arrows (in mouth)
Casting: Beastly Appendage You miscast Sticks to Snakes.
You are very lightly contaminated with residual magic.
Your skin glows momentarily.
Casting: Sticks to Snakes You create a snake!
The adder bites your ball python.
Your ball python dies!
Casting: Sticks to Snakes You extend your transformation's duration.
Casting: Beastly Appendage You create a snake!
The adder bites your adder. What do you say? t - Meow!
Orders for allies: a - Attack new target. r - Retreat! s - Stop attacking. w - Wait here. f - Follow me.
Anything else - Stay silent.
Gang up on whom?
Aim: an adder Attack!
Your adder bites the adder.
Unknown command.
Wield which item (- for none, * to show all)? (? for menu, Esc to quit)
Your mouth is now empty.
Your adder bites the adder.
The adder dies!
Unknown command.
Unknown command.
The adder bites you.
* * * LOW HITPOINT WARNING * * *
You scratch the adder.
The adder is moderately wounded.
The adder bites you.
* * * LOW HITPOINT WARNING * * *
Unknown command.
Unknown command.
You scratch the adder. You headbutt the adder.
The adder is almost dead.
The adder bites you.
You die...

Action                   || total
-------------------------++-------
Melee: Unarmed           ||    86
 Cast: Beastly Appendage ||     7
       Sticks to Snakes  ||     4
  Use: Scroll            ||     6
       Potion            ||     1
  Eat: Beef jerky        ||     2

Vault maps used:
D:1:      saegor_arrival_fortress
D:2:      gammafunk_temple_overflow_pools, serial_forest,
          infiniplex_forest_straight_2, infiniplex_forest_join,
          infiniplex_forest_clump_tiny, infiniplex_forest_clump_diagonal,
          infiniplex_forest_lined_1, infiniplex_forest_fountain,
          infiniplex_forest_fountain, grunt_gozag_breadcrumbs, uniq_jessica
D:3:      st_stairs_12, uniq_natasha

Notes
Turn   | Place    | Note
--------------------------------------------------------------
     0 | D:1      | Bloax, the Felid Transmuter, began the quest for the Orb.
     0 | D:1      | Reached XP level 1. HP: 9/9 MP: 4/4
   110 | D:2      | HP: 2/9 [kobold/whip (3)]
   111 | D:2      | Reached skill level 1 in Stealth
   141 | D:2      | Found an opulent altar of Gozag.
   164 | D:2      | Reached XP level 2. HP: 4/12 MP: 5/5
   233 | D:2      | Learned a level 2 spell: Sticks to Snakes
   462 | D:1      | Gained mutation: Your spells are a little harder to cast, but a little more powerful. [potion of mutation]
   462 | D:1      | Gained mutation: You are somewhat resistant to further mutation. [potion of mutation]
   484 | D:1      | HP: 2/12 [hobgoblin/club (2)]
   486 | D:1      | Reached skill level 2 in Stealth
   486 | D:1      | Reached XP level 3. HP: 2/15 MP: 8/8
   493 | D:1      | Learned a level 3 spell: Spider Form
   637 | D:3      | Reached skill level 3 in Transmutations
   736 | D:3      | HP: 1/15 [adder (5)]
   737 | D:3      | Slain by an adder

Vanquished Creatures
  An adder (D:2)
  An adder zombie (D:1)
  An orc (D:3)
  2 giant cockroaches (D:2)
  2 goblins
  6 hobgoblins
  4 kobolds
  2 quokkas
  3 bats (D:1)
  A giant gecko zombie (D:1)
  2 giant newts
  3 rats
28 creatures vanquished.

Vanquished Creatures (collateral kills)
  An adder (D:3)
1 creature vanquished.

Grand Total: 29 creatures vanquished
